 Dungeon Crawl Stone Soup version 0.27.1-34-g3ba077fa99 (webtiles) character file.

Game seed: 5254885592659990670

14 cbfl8 the Sneak (level 2, -2/27 HPs)
             Began as a Minotaur Delver on Jan 16, 2022.
             Slain by a scorpion (6 damage)
             ... on level 4 of the Dungeon.
             The game lasted 00:01:41 (519 turns).

cbfl8 the Sneak (Minotaur Delver)                    Turns: 519, Time: 00:01:41

Health: -2/27      AC:  5    Str: 16    XL:     2   Next: 31%
Magic:  1/1        EV: 11    Int:  7    God:
Gold:   24         SH:  0    Dex: 11    Spells: 1/1 levels left

rFire    . . .     SeeInvis .   a - +0 hand axe
rCold    . . .     Faith    .   (no shield)
rNeg     . . .     Spirit   .   h - +0 ring mail
rPois    .         Reflect  .   (helmet restricted)
rElec    .         Harm     .   (no cloak)
rCorr    .         Rampage  .   (no gloves)
Will     .....                  (no boots)
Stlth    ++........             (no amulet)
HPRegen  0.09/turn              (no ring)
MPRegen  0.07/turn              (no ring)

@: lethally poisoned (-2 -> -9)
A: horns 2, retaliatory headbutt
a: no special abilities


You were on level 4 of the Dungeon.
You visited 1 branch of the dungeon, and saw 2 of its levels.

You collected 24 gold pieces.

Inventory:

Hand Weapons
 a - a +0 hand axe (weapon)
 l - a +0 club
Armour
 b - a +0 leather armour
 h - a +0 ring mail (worn)
Wands
 c - a wand of flame (10)
 g - a wand of digging (3)
 k - a wand of polymorph (9)
Scrolls
 d - a scroll of magic mapping
 e - a scroll of fear
 i - a scroll of identify {unknown}
 j - a scroll of acquirement {unknown}
Potions
 f - a potion of haste
 m - a potion of cancellation {unknown}
 n - a potion of flight {unknown}


   Skills:
 + Level 3.7 Fighting
 + Level 2.4 Axes
 + Level 2.3 Dodging
 + Level 4.5 Stealth


You had one spell level left.
You didn't know any spells.
Your spell library was empty.

Dungeon Overview and Level Annotations

Branches:
Dungeon (5/15)
 Temple: D:4-7

Altars:


Innate Abilities, Weirdness & Mutations

You have a pair of horns on your head.
You reflexively headbutt those who attack you in melee.


Message History

You see here a +0 club.
You now have 13 gold pieces.
You now have 24 gold pieces (gained 11).
m - a lumpy ruby potion
n - a blue potion A kobold comes into view.
It is wielding a +0 short sword.
The kobold shouts!
You hear a shout!
Found 25 arrows.
Found a stone staircase leading up.
You hit the kobold.
The kobold is moderately wounded.
The kobold hits you with a +0 short sword.
You slash the kobold!
You kill the kobold!
A goblin comes into view. It is wielding a +0 club.
The goblin shouts!
You see here a +0 short sword.
Found a potion of haste.
Found a stone staircase leading up.
A scorpion comes into view.
Found a ring mail.
You hit the goblin. You headbutt the goblin.
You kill the goblin!
The scorpion barely misses you.
Things that are here:
a +0 club; a goblin corpse The scorpion stings you but does no damage.
You closely miss the scorpion. The scorpion barely misses you.
The scorpion stings you but does no damage.
You hit the scorpion but do no damage. The scorpion stings you.
You barely miss the scorpion. The scorpion stings you.
You are poisoned.
The scorpion poisons you! The scorpion stings you!
You closely miss the scorpion.
* * * LOW HITPOINT WARNING * * *
You feel very sick. The scorpion closely misses you.
You completely miss the scorpion. Your headbutt misses the scorpion.
* * * LOW HITPOINT WARNING * * *
You feel very sick. The scorpion stings you.
You die...

. .
..(<........
........!..
####
........<..
#.....
##...........
..#
#..#.[......
### #.# ......
##.###s.#
#..).)@# #####
#..###.# ....#
#..# #.#
###.### #..#
#.#
#...#####.##
#.# ###.......#
#.# #......##
#.#
#...#.######.#
####..##......#


You could see a scorpion.

Vanquished Creatures
  An adder (D:4)
  A hobgoblin (D:4)
  2 kobolds (D:4)
  2 goblins (D:4)
6 creatures vanquished.

Notes
Turn   | Place    | Note
-------+----------+-------------------------------------------
     0 | D:5      | cbfl8 the Minotaur Delver began the quest for the Orb.
     0 | D:5      | Reached XP level 1. HP: 19/19 MP: 0/0
    68 | D:5      | Noticed a water moccasin zombie
   101 | D:4      | Reached XP level 2. HP: 5/27 MP: 1/1
   510 | D:4      | Noticed a scorpion
   519 | D:4      | Slain by a scorpion

Illustrated notes

Levels and vault maps discovered:
D:4:      layout_rooms, uniq_duvessa
D:5:      minmay_chambers_of_threes, layout_loops_ring, hangedman_glass_teeth,
          uniq_edmund

Action                   || total
-------------------------++-------
Melee: Hand axe          ||    20
       Headbutt          ||     5
Evoke: Wand              ||     1
  Use: Scroll            ||     1
Armor: Ring mail         ||     9
Dodge: Dodged            ||    24
